 Dungeon Crawl Stone Soup version 0.20.1-1-g8b1a95d (webtiles) character file.

1696 vineage the Chopper (level 9, -8/75 HPs)
             Began as a Hill Orc Fighter on Aug 22, 2017.
             Mangled by an orc warrior
             ... wielding a +0 halberd
              (23 damage)
             ... on level 6 of the Dungeon.
             The game lasted 00:09:51 (5360 turns).

vineage the Chopper (Hill Orc Fighter)              Turns: 5360, Time: 00:09:52

Health: -8/75      AC: 17    Str: 22    XL:     9   Next: 3%
Magic:  9/9        EV:  7    Int: 11    God:
Gold:   202        SH:  0    Dex: 10    Spells: 8/8 levels left

rFire    . . .     SeeInvis .   w - +3 quarterstaff (chaos)
rCold    . . .     Gourm    .   (shield currently unavailable)
rNeg     . . .     Faith    .   n - +0 plate armour
rPois    .         Spirit   .   z - +1 helmet
rElec    .         Reflect  .   x - +0 cloak
rCorr    .         Harm     .   (no gloves)
MR       .....                  m - +0 pair of boots (curse)
Stlth    ..........             (no amulet)
Regen    0.3/turn               p - +3 ring of intelligence
MPRegen  0.2/turn               (no ring)

@: no status effects
A: no striking features
a: no special abilities


You were on level 6 of the Dungeon.
You were not hungry.

You visited 1 branch of the dungeon, and saw 6 of its levels.

You collected 202 gold pieces.

Inventory:

Hand Weapons
 a - a +0 war axe
 w - a +3 quarterstaff of chaos (weapon)
Armour
 b - a +0 scale mail
 c - a +0 shield
 m - a cursed +0 pair of boots (worn)
 n - a +0 plate armour (worn)
 x - a +0 cloak (worn)
 z - a +1 helmet (worn)
Jewellery
 p - a +3 ring of intelligence (left hand)
 C - a cursed -3 ring of dexterity {unknown}
Wands
 t - a wand of confusion (20/48)
 u - a wand of random effects (31/48)
 G - a wand of lightning (5/15)
Scrolls
 d - 2 scrolls of amnesia
 e - 3 scrolls of remove curse
 g - 2 scrolls of teleportation
 h - 2 scrolls of magic mapping {unknown}
 j - 2 scrolls of blinking {unknown}
 l - 2 scrolls of noise {unknown}
 r - 2 scrolls of enchant weapon {unknown}
 s - a scroll of fear {unknown}
 v - 2 scrolls of immolation {unknown}
 y - a scroll of random uselessness {unknown}
 D - a scroll of enchant armour {unknown}
 F - a scroll of fog {unknown}
Potions
 A - a potion of magic {unknown}
Books
 q - a book of Cantrips

   Spells                             Type                      Level
   a - Confusing Touch                Hexes                        1
   b - Animate Skeleton               Necromancy                   1
   c - Summon Small Mammal            Summoning                    1
   d - Apportation                    Translocation                1
Comestibles
 f - 5 bread rations
 i - 2 royal jellies
 o - 4 fruits
 B - 4 meat rations


   Skills:
 + Level 5.7 Fighting
 - Level 6.5 Axes
 * Level 6.4 Staves
 + Level 6.0 Armour
 + Level 2.0 Dodging
 + Level 1.0 Stealth
 - Level 4.3 Shields


You had 8 spell levels left.
You didn't know any spells.

Dungeon Overview and Level Annotations

Branches:
Dungeon (6/15)             Temple (0/1) D:4

Altars:
Fedhas
Ru
Zin


Message History

The orc warrior is moderately wounded.
The orc warrior hits you but does no damage.
You feel better.
The orc warrior hits you but does no damage.
You hit the orc warrior but do no damage.
The orc warrior goes berserk!
The orc warrior is moderately wounded.
The orc warrior hits you with a halberd!
* * * LOW HITPOINT WARNING * * *
You sock the orc warrior!
You feel better.
The orc warrior is heavily wounded.
The orc warrior closely misses you.
You hit the orc warrior but do no damage.
Frost spreads across the the floor.
The orc warrior is heavily wounded.
The orc warrior hits you with a halberd!
* * * LOW HITPOINT WARNING * * *
You feel better.
The orc warrior hits you with a halberd!!
You die...

....... .....<.............(
.......## ##..#...............
......... ..>...#.##.......#..
........####.#....##########..
........#........†# ..
..........##......######
..........####.........#
........[.####o........#
...........))@.........#
.........####............+
.........# #..##.########
########## #..##.# #..##.#
#..##.# #...... #.## ## #.#


You could see an orc warrior (berserk).

Vanquished Creatures
  The ghost of Fingolfin the Chopper, an amateur FoMo (D:4)
  Sigmund (D:2)
  An orc warrior (D:6)
  A centaur (D:6)
  3 bullfrogs (D:6)
  2 scorpions (D:5)
  A howler monkey (D:5)
  A quasit (D:5)
  3 hounds (D:4)
  Crazy Yiuf (D:3)
  10 orc wizards
  A bullfrog skeleton (D:4)
  A worker ant (D:6)
  A killer bee zombie (D:5)
  A hound zombie (D:5)
  A hound skeleton (D:4)
  10 adders
  4 gnolls (D:4)
  A shadow imp (D:6)
  3 oozes
  4 worms
  8 dart slugs
  4 leopard geckos
  22 orcs
  6 bats
  3 giant cockroaches
  5 goblins
  5 hobgoblins
  10 jackals (D:2)
  3 quokkas
  7 frilled lizards
  14 kobolds
  12 rats
151 creatures vanquished.

Notes
Turn   | Place    | Note
-------+----------+-------------------------------------------
     0 | D:1      | vineage the Hill Orc Fighter began the quest for the Orb.
     0 | D:1      | Reached XP level 1. HP: 19/19 MP: 1/1
   228 | D:1      | Reached XP level 2. HP: 27/27 MP: 2/2
   530 | D:1      | Reached XP level 3. HP: 26/33 MP: 3/3
  1024 | D:2      | Noticed Sigmund
  1040 | D:2      | Killed Sigmund
  1040 | D:2      | Reached skill level 5 in Axes
  1040 | D:2      | Reached skill level 1 in Dodging
  1040 | D:2      | Reached XP level 4. HP: 34/41 MP: 4/4
  1040 | D:2      | Reached XP level 5. HP: 39/47 MP: 5/5
  1218 | D:2      | Reached XP level 6. HP: 52/53 MP: 6/6
  1807 | D:2      | Found a sacrificial altar of Ru.
  1807 | D:2      | Found a glowing silver altar of Zin.
  2748 | D:3      | Found a runed door.
  2752 | D:3      | Noticed Crazy Yiuf
  2761 | D:3      | Killed Crazy Yiuf
  3267 | D:4      | Found a staircase to the Ecumenical Temple.
  3279 | D:4      | Reached skill level 1 in Staves
  3279 | D:4      | Reached XP level 7. HP: 60/60 MP: 7/7
  3704 | D:4      | Noticed Fingolfin's ghost (amateur FoMo)
  3732 | D:4      | Killed Fingolfin's ghost
  3732 | D:4      | Reached skill level 5 in Armour
  4008 | D:5      | Entered Level 5 of the Dungeon
  4044 | D:5      | Reached skill level 5 in Fighting
  4044 | D:5      | Reached XP level 8. HP: 61/68 MP: 8/8
  4333 | D:5      | Found a blossoming altar of Fedhas.
  5049 | D:6      | Reached skill level 5 in Staves
  5329 | D:6      | Reached skill level 1 in Stealth
  5329 | D:6      | Reached XP level 9. HP: 62/75 MP: 9/9
  5360 | D:6      | Mangled by an orc warrior

Skill      XL: |  1  2  3  4  5  6  7  8 |
---------------+-------------------------+-----
Axes           | 3 5 6 |  6.5
Fighting       | 4 5 |  5.7
Dodging        | 1 2 |  2.0
Shields        | 4 |  4.3
Armour         | 4 5 6 |  6.0
Staves         | 1 3 6 |  6.4
Stealth        | 1 |  1.0

Action                   |  1- 3 |  4- 6 |  7- 9 || total
-------------------------+-------+-------+-------++-------
Melee: War axe           |    95 |   194 |       ||   289
       Quarterstaff      |       |    28 |   199 ||   227
  Use: Potion            |     1 |       |     7 ||     8
       Scroll            |       |       |     3 ||     3
 Stab: Petrifying        |       |       |     1 ||     1
       Paralysed         |       |       |     1 ||     1
  Eat: Chunk             |       |     7 |     6 ||    13
       Fruit             |       |       |     2 ||     2
Armor: Scale mail        |    39 |   102 |    38 ||   179
       Plate armour      |       |       |    71 ||    71
Dodge: Dodged            |    34 |    65 |    61 ||   160
Block: Shield            |    52 |    86 |       ||   138
